Map: Tourmaline LE

Players

LiquidMaNa (MaNa) - Winner!

  • Race: Protoss Protoss
  • League: Grandmaster
  • Spawn Location: 1:00

HolyHit

  • Race: Protoss Protoss
  • League: Grandmaster
  • Spawn Location: 7:00

VOD

Have the link to the VOD?

Description

Time

  • Played on: Jan. 30, 2026, 11:06 a.m.
  • Length: 5:48
Show
View Real Time Build Order
Export as new Build Order

LiquidMaNa Protoss - Winner!

Build Orders:  

Get SALT Encoding   

  12  0:00  Probe  
  13  0:12  Probe  
  14  0:17  Pylon  
  14  0:24  Probe  
  15  0:32  Probe  
  15  0:35  Gateway  
  15  0:40  Probe  
  16  0:47  Assimilator  
  17  0:51  Probe  
  18  0:59  Probe  
  19  1:04  Assimilator  
  19  1:07  Probe  
  19  1:10  Gateway  
  20  1:17  Probe  
  20  1:23  Cybernetics Core  
  21  1:29  Probe  
  22  1:35  Pylon  
  22  1:41  Probe  
  23  1:53  Probe  
  24  1:57  Stalker  
  24  1:58  Stalker  
  24  2:01  Warp Gate  
  28  2:05  Probe  
  29  2:11  Pylon  
  29  2:20  Probe  
  30  2:26  Stalker x2  
  34  2:32  Probe  
  35  2:57  Nexus  
  34  3:02  Probe  
  35  3:07  Sentry x2  
  38  3:16  Robotics Facility  
  38  3:21  Shield Battery  
  38  3:27  Shield Battery  
  36  3:34  Probe  
  35  3:50  Sentry, Stalker  
  35  3:55  Warp Prism  
  39  3:56  Gateway  
  39  4:11  Probe x2  
  39  4:13  Sentry  
  39  4:16  Sentry  
  45  4:23  Probe x2  
  47  4:36  Immortal  
  47  4:38  Probe  
  52  4:40  Probe  
  52  4:45  Pylon  
  53  4:51  Probe  
  54  5:03  Probe x2  
  56  5:09  Stalker  
  56  5:10  Stalker x2  
  62  5:18  Forge  
  62  5:24  Pylon  
  62  5:30  Probe x2  
Show
View Real Time Build Order
Export as new Build Order

HolyHit Protoss 

Build Orders: Blink Stalkers 

Get SALT Encoding   

  12  0:00  Probe  
  13  0:12  Probe  
  14  0:17  Pylon  
  14  0:24  Probe  
  15  0:32  Probe  
  15  0:37  Gateway  
  15  0:40  Probe  
  16  0:46  Assimilator  
  17  0:51  Probe  
  17  0:54  Assimilator  
  18  1:02  Probe  
  19  1:08  Gateway  
  19  1:10  Probe  
  20  1:18  Probe  
  20  1:25  Cybernetics Core  
  21  1:29  Probe  
  22  1:42  Pylon, Probe  
  23  1:58  Stalker  
  23  1:59  Stalker  
  23  2:02  Warp Gate  
  27  2:15  Twilight Council  
  28  2:26  Stalker  
  29  2:31  Stalker  
  29  2:33  Pylon  
  31  2:37  Blink  
  31  2:51  Probe  
  32  3:17  Pylon  
  32  3:19  Gateway  
  30  3:27  Shield Battery  
  26  3:47  Gateway  
  23  3:50  Stalker x2  
  23  3:53  Probe  
  26  4:13  Stalker x2  
  26  4:16  Stalker  
  31  4:36  Stalker x2  
  35  4:43  Stalker  
  35  4:55  Stalker  
  35  4:59  Stalker  
  31  5:14  Stalker  
  31  5:16  Stalker  
  33  5:33  Stalker  
Tags
 
Add a new tag
Caveats
  • Supply blocks, unpowered buildings, or Contaminate may cause inaccurate times.
  • Supply counts are checked every 10 seconds.